 Dungeon Sprint DCSS version 0.30-a0-331-g8ab09dc110 (webtiles) character file.

Game seed: 16201594840575334021

473617 mhtbhm the Armataur Barricade (level 20, -38/231 HPs)
             Began as an Armataur Fighter on Oct 28, 2022.
             Was an Initiate of Gozag.
             Killed from afar by Cerebov (45 damage)
             ... with a great blast of fire
             ... in the Dungeon (Sprint IX: "|||||||||||||||||||||||||||||") on Oct 29, 2022.
             The game lasted 00:34:07 (13524 turns).

mhtbhm the Armataur Barricade (Armataur Fighter)   Turns: 13524, Time: 00:34:09

Health: -38/231    AC: 51    Str: 29    XL:     20   Next: 44%
Magic:  20/20      EV:  7    Int: 13    God:    Gozag
Gold:   8420       SH: 16    Dex:  5    Spells: 19/19 levels left

rFire   + + .      SeeInvis +    m - +9 sacred scourge (holy)
rCold   + + .      Faith    .    E - +0 kite shield {reflect}
rNeg    + + +      Spirit   .    b - +9 scales of the Dragon King {rPois rF+ rC+ Will+}
rPois   +          Reflect  +    L - +3 crown of Dyrovepreva {rElec Int+2 SInv}
rElec   +          Harm     .    g - +1 cloak {Will+}
rCorr   +          Roll     +    (no gloves)
Will    ++++.      Clarity  +    d - +0 barding
Stlth   +......... NoTele   +    (no amulet)
HPRegen 0.58/turn                S - ring of Peffug {rN++ Will+ Slay+3}
MPRegen 0.17/turn                I - ring of the Scarab {rElec rN++ AC+4 Dex-4 Slay+2}

@: mighty, resistant, hasted, very quick
A: large, rugged brown scales 3, deformed body, armoured tail, roll, long
tongue, awkward tongue, stinger 1, clarity, MP-powered wands
}: 9/17 runes: decaying, serpentine, barnacled, slimy, elven, silver, golden,
abyssal, gossamer
a: Renounce Religion, Potion Petition, Call Merchant, Bribe Branch


You were in the Dungeon.
You worshipped Gozag.
Gozag was greatly pleased with you.
You visited 1 branch You collected 49720 gold pieces.
You spent 14346 gold pieces at shops.
You paid 26954 gold pieces to Gozag.

Inventory:

Hand Weapons
 a - the +5 demon whip "Spellbinder" {antimagic, Will+}
   (You found it in the Dungeon)

   It reduces the magical energy of the wielder, and disrupts the spells and
   magical abilities of those it strikes.
   Natural abilities and divine invocations are not affected.
   It unleashes wild and unpredictable magical effects upon striking a wizard or
   a creature with magical abilities.
   Will:      It increases your willpower.
 m - a +9 sacred scourge of holy wrath (weapon)
 x - a +5 eveningstar of draining
 F - the +5 demon whip "Coxi" {vamp, +Blink rElec rF+++ Will-}
   (You found it in the Dungeon)

   It occasionally heals its wielder for a portion of the damage dealt when it
   wounds a living foe.
   rF:        It renders you almost immune to fire.
   rElec:     It insulates you from electricity.
   +Blink:    It lets you blink.
   Will:      It decreases your willpower.
 N - a +4 demon whip of freezing
Missiles
 o - 7 javelins (quivered)
 p - 8 poisoned darts
 w - 2 silver javelins
 z - 4 throwing nets
Armour
 b - the +9 scales of the Dragon King (worn) {rPois rF+ rC+ Will+}
   (You bought it in a shop in the Dungeon)

   rF:        It protects you from fire.
   rC:        It protects you from cold.
   rPois:     It protects you from poison.
   Will:      It increases your willpower.
 c - a +1 kite shield of positive energy
 d - a +0 barding (worn)
 g - a +1 cloak of willpower (worn)
 E - a +0 kite shield of reflection (worn)
 L - the +3 crown of Dyrovepreva (worn) {rElec Int+2 SInv}
   (You bought it in a shop in the Dungeon)

   Int:       It affects your intelligence (+2).
   rElec:     It insulates you from electricity.
   SInv:      It lets you see invisible.
 X - the +1 helmet of Patience {rF+ Int+5}
   (You bought it in a shop in the Dungeon)

   Int:       It affects your intelligence (+5).
   rF:        It protects you from fire.
Jewellery
 D - a ring of protection from fire
 I - the ring of the Scarab (right hand) {rElec rN++ AC+4 Dex-4 Slay+2}
   (You bought it in a shop in the Dungeon)

   [ring of protection]

   AC:        It affects your AC (+4).
   Dex:       It affects your dexterity (-4).
   Slay:      It affects your accuracy & damage with ranged weapons and melee
   (+2).
   rElec:     It insulates you from electricity.
   rN:        It greatly protects you from negative energy.
 J - the amulet of Nempod {Reflect -Tele Harm rPois Str+4 SH+5}
   (You bought it in a shop in the Dungeon)

   [amulet of reflection]

   It reflects blocked missile attacks.
   Str:       It affects your strength (+4).
   rPois:     It protects you from poison.
   -Tele:     It prevents most forms of teleportation.
   SH:        It affects your SH (+5).
   Harm:      It increases damage dealt and taken.
 M - the amulet of Xofecel {Spirit -Tele rElec Int+4}
   (You bought it in a shop in the Dungeon)

   [amulet of guardian spirit]

   It causes incoming damage to be divided between your reserves of health and
   magic.
   Int:       It affects your intelligence (+4).
   rElec:     It insulates you from electricity.
   -Tele:     It prevents most forms of teleportation.
 P - the ring "Veubasy" {Contam rElec Will- AC+3 Int+8}
   (You found it in the Dungeon)

   [ring of protection]

   AC:        It affects your AC (+3).
   Int:       It affects your intelligence (+8).
   rElec:     It insulates you from electricity.
   Contam:    It causes magical contamination when unequipped.
   Will:      It decreases your willpower.
 S - the ring of Peffug (left hand) {rN++ Will+ Slay+3}
   (You found it in the Dungeon)

   [ring of slaying]

   Slay:      It affects your accuracy & damage with ranged weapons and melee
   (+3).
   rN:        It greatly protects you from negative energy.
   Will:      It increases your willpower.
 T - the ring of Atheism {rPois rC++ Dex+3}
   (You found it in the Dungeon)

   [ring of poison resistance]

   Dex:       It affects your dexterity (+3).
   rC:        It greatly protects you from cold.
   rPois:     It protects you from poison.
Wands
 C - a wand of paralysis (12)
 Q - a wand of digging (3)
Scrolls
 j - 6 scrolls of blinking
 k - 2 scrolls of amnesia
 u - 3 scrolls of fog
 v - 3 scrolls of fear
 y - 2 scrolls of immolation
 K - a scroll of silence
Potions
 e - 9 potions of curing
 f - a potion of heal wounds
 h - 10 potions of magic
 i - a potion of invisibility
 l - 3 potions of might
 n - a potion of attraction
 q - 3 potions of resistance
 r - 5 potions of mutation
 s - a potion of cancellation
 A - a potion of lignification
 B - 2 potions of haste
 G - 4 potions of berserk rage
 R - a potion of flight
Miscellaneous
 t - a phantom mirror
 O - a condenser vane
 U - the horn of Geryon
 V - a lightning rod (4/4)


   Skills:
 O Level 27 Fighting
 - Level 1.0(1.3) Short Blades
 - Level 1.4(1.6) Long Blades
 - Level 0.8(16.7) Axes
 O Level 27 Maces & Flails
 - Level 0.8(1.2) Polearms
 - Level 0.8(18.0) Staves
 - Level 0.6 Ranged Weapons
 O Level 27 Throwing
 O Level 27 Armour
 * Level 26.8 Dodging
 - Level 24.9 Stealth
 O Level 27 Shields
 - Level 1.0 Conjurations
 - Level 0.8 Hexes
 - Level 1.0 Summonings
 - Level 0.8 Necromancy
 - Level 1.0 Translocations
 - Level 1.0 Transmutations
 - Level 0.8 Fire Magic
 - Level 0.8 Ice Magic
 - Level 0.8 Air Magic
 - Level 0.8 Earth Magic
 - Level 1.0 Poison Magic
 - Level 1.0 Invocations
 O Level 27 Evocations


You had 19 spell levels left.
You didn't know any spells.
Your spell library contained the following spells:

 Spells                   Type           Power      Damage    Failure   Level
 Wereblood                Tmut           2%         N/A       86%         2
 Passwall                 Tmut/Erth      1%         N/A       87%         2
 Ignite Poison            Fire/Tmut/Pois 2%         N/A       98%         3
 Necromutation            Tmut/Necr      1%         N/A       100%        8
 Chain Lightning          Conj/Air       1%         3d1       100%        9
 Fire Storm               Conj/Fire      1%         7d1       100%        9
 Shatter                  Erth           1%         3d5*      100%        9


Dungeon Overview and Level Annotations

Branches:
Dungeon (1/1)

Altars:
Cheibriados
Dithmenos
Elyvilon
Fedhas
Gozag
Hepliaklqana
Kikubaaqudgha
Makhleb
Nemelex Xobeh
Okawaru
Qazlal
Ru
Sif Muna
Trog
Uskayaw
Vehumet
Wu Jian
Xom
Yredelemnul
Zin
The Shining One
Jiyva
Lugonu

Shops:
D [[=[[*[!!**=[!*[(**?

Annotations:
D Asmodeus, Cerebov


Innate Abilities, Weirdness & Mutations

You are completely covered in rugged brown scales. (AC +3, +7% HP)
Armour fits poorly on your strangely shaped body.
You have a long armoured tail.
You roll when moving toward enemies. (Rampage)
Your long tongue fully drains potion bottles. (2x potion effects)
Your tongue gives you trouble enunciating. (1.5x scroll delay)
Your tail ends in a venomous barb.
You possess an exceptional clarity of mind.
You expend magic power (3 MP) to strengthen your wands.


Message History

Unknown command. [a] - 450 gold - haste and heal wounds [b] - 440 gold - haste, brilliance and magic [c] - 200 gold - might and brilliance Purchase which effect?
You feel as though your hastened speed will last longer.
You feel much better.
You are engulfed in blazing flames.
You resist. The hellion gestures at you.
The sphere of damnation explodes!
The damnation engulfs you!!
* * * LOW HITPOINT WARNING * * *
The damnation engulfs Asmodeus.
Asmodeus completely resists.
Asmodeus hits you with the +7 sceptre of Asmodeus.
* * * LOW HITPOINT WARNING * * *
The Brimstone Fiend calls on the powers of darkness!
Your body is wracked with pain!
* * * LOW HITPOINT WARNING * * *
Unknown command.
You punish Asmodeus, causing immense pain!!!
Asmodeus convulses!
Asmodeus is almost dead.
You are engulfed in blazing flames.
You resist.
* * * LOW HITPOINT WARNING * * *
The hellion gestures at you.
The sphere of damnation explodes!
The damnation engulfs you!
* * * LOW HITPOINT WARNING * * *
The damnation engulfs Asmodeus.
Asmodeus completely resists.
You whack Asmodeus!
Asmodeus convulses!
Asmodeus is almost dead.
You are engulfed in blazing flames.
You resist. The balrug gestures at you.
The fireball explodes!
The fireball engulfs Asmodeus.
Asmodeus completely resists.
The fireball engulfs you but does no damage.
The fireball engulfs the balrug.
The balrug completely resists.
You block Asmodeus's attack. Cerebov gestures at you.
A raging storm of fire appears!
The great blast of fire engulfs you!!! You partially resist.
You die...
Your body crumbles into a pile of gold.

..'..))..).)).))..).))).).)))))))
▓▓▓▓▓▓▓▓▓▓▓▓▓▓♣♣♣♣♣♣♣♣♣♣♣♣▓▓▓▓▓▓▓
.................................
▓▓▓▓▓▓▓▓▓▓▓▓▓▓▓▓▓▓▓▓▓▓▓▓▓▓▓▓▓▓▓▓▓
....'............'..........'....
▓▓▓▓▓▓▓▓▓▓▓▓▓▓▓▓▓▓▓▓▓▓▓▓▓▓▓▓▓▓▓▓▓
..............)..................
▓▓▓▓▓▓▓▓▓▓▓▓▓▓▓▓▓▓▓▓▓▓▓▓▓▓▓▓▓▓▓▓▓
..............°○@&22221&§§§§§§§..
▓▓▓▓▓▓▓▓▓▓▓▓▓▓▓▓▓▓▓▓▓▓▓▓▓▓▓▓▓▓▓▓▓


You could see Cerebov (fast), Asmodeus (clouds, poisoned), a Brimstone Fiend
(summoned), 2 balrugs and 2 hellions.

Vanquished Creatures
  the Royal Jelly (D)
  Gloorx Vloq (D)
  Mnoleg (D)
  Dispater (D)
  7 orbs of fire (D)
  6 ancient liches (D)
  Mennas (D)
  6 royal mummies (D)
  Boris (D)
  Xtahua (D)
  Margery (D)
  A Killer Klown (D)
  Geryon (D)
  Nikola (D)
  3 golden dragons (D)
  Jory (D)
  2 electric golems (D)
  7 tentacled monstrosities (D)
  26 Orb Guardians (D)
  3 liches (D)
  A quicksilver dragon (D)
  A titan (D)
  A deep elf master archer (D)
  3 deep elf blademasters (D)
  14 sphinxes (D)
  15 acid blobs (D)
  Ilsuiw (D)
  A thorn hunter (D)
  Agnes (D)
  6 shadow dragons (D)
  3 tengu reavers (D)
  Donald (D)
  A draconian knight (D)
  4 storm dragons (D)
  Kirke (D)
  5 rockslimes (D)
  6 azure jellies (D)
  4 nagarajas (D)
  3 draconian monks (D)
  5 emperor scorpions (D)
  2 frost giants (D)
  Aizul (D)
  A fire giant (D)
  2 deep elf sorcerers (D)
  3 vault wardens (D)
  4 draconian scorchers (D)
  3 ghost moths (D)
  2 draconian shifters (D)
  2 quicksilver oozes (D)
  3 ironbound preservers (D)
  5 very ugly things (D)
  An orc warlord (D)
  2 black draconians (D)
  3 draconian annihilators (D)
  5 vampire knights (D)
  An eleionoma (D)
  4 stone giants (D)
  A starcursed mass (D)
  4 deep elf annihilators (D)
  Nessos (D)
  4 green draconians (D)
  3 yellow draconians (D)
  2 deep elf demonologists (D)
  3 red draconians (D)
  A spark wasp (D)
  A bunyip (D)
  4 white draconians (D)
  A purple draconian (D)
  2 ettins (D)
  6 mummy priests (D)
  3 deep elf death magi (D)
  5 merfolk javelineers (D)
  A deep elf high priest (D)
  An entropy weaver (D)
  2 great orbs of eyes (D)
  3 yaktaur captains (D)
  4 merfolk impalers (D)
  6 ice dragons (D)
  A spriggan air mage (D)
  2 ironbound frosthearts (D)
  An ogre mage (D)
  25 vault guards (D)
  Harold (D)
  A peacekeeper (D)
  6 hydras (D)
  A centaur warrior (D)
  An alligator snapping turtle (D)
  A boulder beetle (D)
  2 merfolk avatars (D)
  A catoblepas (D)
  2 merfolk aquamancers (D)
  A tengu warrior (D)
  A deep troll shaman (D)
  3 deep troll earth magi (D)
  A thrashing horror (D)
  2 naga warriors (D)
  A vampire mage (D)
  5 orc high priests (D)
  3 spriggan berserkers (D)
  Nergalle (D)
  3 hell knights (D)
  A salamander mystic (D)
  2 pharaoh ants (D)
  A goliath frog (D)
  8 swamp dragons (D)
  A flayed ghost (D)
  A naga ritualist (D)
  A spriggan druid (D)
  2 ironbound convokers (D)
  A steelbarb worm (shapeshifter) (D)
  3 wizards (D)
  A bog body (D)
  A mana viper (D)
  A necromancer (D)
  An orc knight (D)
  2 ugly things (D)
  A wolf spider (D)
  A cyclops (D)
  A will-o-the-wisp (D)
  3 manticores (D)
  A moth of wrath (shapeshifter) (D)
  9 moths of wrath (D)
  5 black mambas (D)
  A merfolk siren (D)
  2 elephants (D)
  2 naga magi (D)
  6 vault sentinels (D)
  A torpor snail (D)
  Joseph (D)
  A water nymph (D)
  A rime drake (D)
  A gargoyle (D)
  4 guardian serpents (D)
  3 cane toads (D)
  A kobold demonologist (D)
  2 demonic crawlers (D)
  A komodo dragon (D)
  A tengu conjurer (D)
  16 guardian mummies (D)
  2 merfolk (D)
  A wandering mushroom (D)
  5 polar bears (D)
  A bloated husk (D)
  A raiju (D)
  5 slime creatures (D)
  A slime creature (shapeshifter) (D)
  4 jumping spiders (D)
  11 spriggans (D)
  2 culicivoras (D)
  4 yaks (D)
  A golden eye (D)
  2 hogs (D)
  3 redbacks (D)
  4 nagas (D)
  2 acid dragons (D)
  A swamp worm (shapeshifter) (D)
  3 small abominations (D)
  A floating eye (D)
  3 water moccasins (D)
  13 orc warriors (D)
  4 black bears (D)
  An ice beast (D)
  A kobold brigand (D)
  2 bullfrogs (D)
  A wight (D)
  A howler monkey (D)
  10 orc priests (D)
  4 orc wizards (D)
  3 adders (D)
  An ufetubus (D)
  A dart slug (D)
  An adder simulacrum (D)
  9 orcs (D)
  A bat (D)
  A goblin (D)
  2 hobgoblins (D)
522 creatures vanquished.

Vanquished Creatures (others)
  A wizard (D)
  A raiju (shapeshifter) (D)
  3 briar patches (D)
  2 foxfires (D)
7 creatures vanquished.

Grand Total: 529 creatures vanquished

Notes
Turn   | Place    | Note
-------+----------+-------------------------------------------
     0 | D        | mhtbhm the Armataur Fighter began the quest for the Orb.
     0 | D        | Reached XP level 1. HP: 19/19 MP: 1/1
    22 | D        | Reached XP level 2. HP: 23/27 MP: 2/2
    41 | D        | Noticed an ice beast
    47 | D        | Killed an ice beast
    48 | D        | Reached skill level 5 in Fighting
    48 | D        | Reached skill level 5 in Shields
    48 | D        | Reached XP level 3. HP: 24/38 MP: 3/3
    48 | D        | Reached XP level 4. HP: 27/44 MP: 4/4
   177 | D        | Found a snail-covered altar of Cheibriados.
   177 | D        | Found a shadowy altar of Dithmenos.
   177 | D        | Found a white marble altar of Elyvilon.
   177 | D        | Found a blossoming altar of Fedhas.
   177 | D        | Found an opulent altar of Gozag.
   178 | D        | Found a hazy altar of Hepliaklqana.
   179 | D        | Found a viscous altar of Jiyva.
   180 | D        | Found an ancient bone altar of Kikubaaqudgha.
   181 | D        | Found a corrupted altar of Lugonu.
   182 | D        | Found a burning altar of Makhleb.
   183 | D        | Found a sparkling altar of Nemelex Xobeh.
   184 | D        | Found an iron altar of Okawaru.
   185 | D        | Found a stormy altar of Qazlal.
   186 | D        | Found a sacrificial altar of Ru.
   187 | D        | Found a shimmering blue altar of Sif Muna.
   188 | D        | Found a bloodstained altar of Trog.
   189 | D        | Found a hide-covered altar of Uskayaw.
   190 | D        | Found a radiant altar of Vehumet.
   191 | D        | Found an ornate altar of the Wu Jian Council.
   192 | D        | Found a shimmering altar of Xom.
   205 | D        | Became a worshipper of Gozag Ym Sagoz the Greedy
   214 | D        | Found a basalt altar of Yredelemnul.
   215 | D        | Found a glowing silver altar of Zin.
   216 | D        | Found a glowing golden altar of the Shining One.
   265 | D        | Noticed an orc warrior
   265 | D        | Noticed a gargoyle
   265 | D        | Noticed a kobold brigand
   265 | D        | Noticed an orc warrior
   267 | D        | Killed a kobold brigand
   268 | D        | Reached skill level 5 in Maces & Flails
   268 | D        | Reached skill level 1 in Dodging
   268 | D        | Reached XP level 5. HP: 49/53 MP: 5/5
   270 | D        | Killed an orc warrior
   271 | D        | Reached XP level 6. HP: 54/64 MP: 6/6
   271 | D        | Killed a gargoyle
   272 | D        | Reached skill level 1 in Evocations
   272 | D        | Reached XP level 7. HP: 62/72 MP: 7/7
   310 | D        | Noticed a kobold demonologist
   310 | D        | Noticed an elephant
   310 | D        | Noticed a slime creature
   310 | D        | Noticed a purple ugly thing
   310 | D        | Noticed a komodo dragon
   310 | D        | Noticed a slime creature
   311 | D        | an elephant changed into a steelbarb worm
   311 | D        | Noticed a steelbarb worm (shapeshifter)
   318 | D        | Killed a kobold demonologist
   319 | D        | Reached skill level 10 in Armour
   319 | D        | Reached XP level 8. HP: 76/82 MP: 8/8
   328 | D        | Killed a steelbarb worm
   329 | D        | Reached skill level 10 in Maces & Flails
   335 | D        | Killed a slime creature
   346 | D        | Killed a purple ugly thing
   347 | D        | Reached skill level 10 in Fighting
   347 | D        | Reached XP level 9. HP: 52/90 MP: 9/9
   347 | D        | Killed a komodo dragon
   477 | D        | Noticed a cane toad
   477 | D        | Noticed a cane toad
   477 | D        | Noticed a cane toad
   482 | D        | Killed a cane toad
   483 | D        | Noticed a rime drake
   488 | D        | Killed a cane toad
   489 | D        | Reached skill level 1 in Stealth
   496 | D        | Killed a cane toad
   497 | D        | Reached skill level 10 in Shields
   512 | D        | Killed a rime drake
   513 | D        | Reached XP level 10. HP: 78/102 MP: 10/10
   588 | D        | Noticed a black mamba
   588 | D        | Noticed a torpor snail
   593 | D        | Noticed an elephant
   597 | D        | Noticed an elephant
   604 | D        | Killed a black mamba
   608 | D        | Killed a torpor snail
   827 | D        | Killed an elephant
   832 | D        | Killed an elephant
   882 | D        | Reached skill level 15 in Maces & Flails
   931 | D        | Bought a scroll of fog for 52 gold pieces
   931 | D        | Bought a scroll of immolation for 52 gold pieces
   931 | D        | Bought a scroll of immolation for 52 gold pieces
   931 | D        | Bought a scroll of identify for 26 gold pieces
   995 | D        | Noticed Harold
  1005 | D        | Killed Harold
  1006 | D        | Reached XP level 11. HP: 112/112 MP: 11/11
  1023 | D        | Noticed Joseph
  1038 | D        | Killed Joseph
  1460 | D        | Found Tailuil's Armour Emporium.
  1460 | D        | Noticed an orc high priest
  1462 | D        | Found Meatz's Antique Weapon Shoppe.
  1463 | D        | Noticed an orc high priest
  1472 | D        | Noticed a soul eater
  1666 | D        | Killed an orc high priest
  1708 | D        | Noticed a sun demon
  1714 | D        | Killed an orc high priest
  1828 | D        | Noticed an orc high priest
  1830 | D        | Found Setet's Assorted Antiques.
  1836 | D        | Killed an orc high priest
  1871 | D        | Found Otet's General Store.
  1874 | D        | Noticed an orc high priest
  1875 | D        | Noticed an orc high priest
  1883 | D        | Noticed a sixfirhy
  1884 | D        | Killed an orc high priest
  1896 | D        | Killed an orc high priest
  1940 | D        | Bought a scroll labelled WOGIAP CAINLY for 27 gold pieces
  1940 | D        | Bought a potion of mutation for 216 gold pieces
  1940 | D        | Bought a fizzy puce potion for 24 gold pieces
  1942 | D        | Bought a scroll of fog for 48 gold pieces
  1942 | D        | Bought a +2 hat of see invisible for 252 gold pieces
  1942 | D        | Bought a scroll of blinking for 90 gold pieces
  1954 | D        | Bought a +2 plate armour of fire resistance for 520 gold
                  | pieces
  2196 | D        | Found the +5 demon whip "Spellbinder" {antimagic, Will+}
  2271 | D        | Bought the ring of the Scarab {rElec rN++ AC+4 Dex-4
                  | Slay+2} for 726 gold pieces
  2271 | D        | Bought the amulet of Nempod {Reflect -Tele Harm rPois Str+4
                  | SH+5} for 511 gold pieces
  2286 | D        | Noticed a wizard
  2286 | D        | Noticed a centaur warrior
  2286 | D        | Noticed a catoblepas
  2286 | D        | Noticed a boulder beetle
  2288 | D        | Killed a wizard
  2289 | D        | Killed a centaur warrior
  2290 | D        | Reached skill level 5 in Stealth
  2292 | D        | Killed a boulder beetle
  2297 | D        | Killed a catoblepas
  2298 | D        | Noticed a tengu warrior
  2298 | D        | Noticed an ettin
  2304 | D        | Noticed an ice dragon
  2310 | D        | Noticed an ice dragon
  2313 | D        | Reached XP level 12. HP: 117/126 MP: 4/12
  2316 | D        | Killed a tengu warrior
  2317 | D        | Noticed a stone giant
  2317 | D        | Killed an ettin
  2318 | D        | Reached skill level 15 in Fighting
  2318 | D        | Reached skill level 15 in Armour
  2320 | D        | Noticed an ettin
  2329 | D        | Killed an ice dragon
  2332 | D        | Killed an ice dragon
  2340 | D        | Killed a stone giant
  2345 | D        | Killed an ettin
  2412 | D        | Noticed Agnes
  2417 | D        | Killed Agnes
  2436 | D        | Noticed Nessos
  2440 | D        | Killed Nessos
  2526 | D        | Bought a +1 cloak of willpower for 247 gold pieces
  2526 | D        | Bought a +3 plate armour of fire resistance for 675 gold
                  | pieces
  2565 | D        | Noticed a bunyip
  2565 | D        | Noticed an eleionoma
  2574 | D        | Noticed a five-headed hydra
  2576 | D        | Killed a bunyip
  2577 | D        | Reached skill level 5 in Dodging
  2577 | D        | Noticed a thorn hunter
  2583 | D        | Killed an eleionoma
  2783 | D        | Killed a five-headed hydra
  2789 | D        | Killed a thorn hunter
  2905 | D        | Noticed an entropy weaver
  2916 | D        | Reached XP level 13. HP: 139/139 MP: 4/13
  2922 | D        | Reached skill level 5 in Evocations
  3045 | D        | Reached skill level 15 in Shields
  3549 | D        | Noticed Aizul
  3562 | D        | Killed Aizul
  3608 | D        | Noticed Donald
  3637 | D        | Killed Donald
  3879 | D        | Noticed a tengu reaver
  3879 | D        | Noticed a fire giant
  3879 | D        | Noticed a sphinx
  3893 | D        | Noticed a frost giant
  3896 | D        | Killed a tengu reaver
  3899 | D        | Noticed a tentacled monstrosity
  3906 | D        | Killed a fire giant
  3909 | D        | Killed a sphinx
  3911 | D        | Noticed a tengu reaver
  3911 | D        | Noticed a cyan very ugly thing
  3919 | D        | Killed a tentacled monstrosity
  4050 | D        | Killed a frost giant
  4051 | D        | Reached XP level 14. HP: 86/154 MP: 4/14
  4325 | D        | Killed a tengu reaver
  4332 | D        | Noticed a cyan very ugly thing
  4342 | D        | Killed a cyan very ugly thing
  4352 | D        | Killed a cyan very ugly thing
  4374 | D        | Noticed a frost giant
  4380 | D        | Killed a frost giant
  4637 | D        | Noticed a vault warden
  4638 | D        | Noticed a vault warden
  4640 | D        | Noticed an orc warlord
  4647 | D        | Noticed a sphinx
  4652 | D        | Killed a vault warden
  4664 | D        | Killed a vault warden
  4668 | D        | Killed an orc warlord
  4675 | D        | Noticed a purple very ugly thing
  4678 | D        | Killed a sphinx
  4699 | D        | Killed a purple very ugly thing
  4899 | D        | Noticed Boris
  4911 | D        | Killed Boris
  4992 | D        | Noticed Xtahua
  5012 | D        | Killed Xtahua
  5283 | D        | Bought the +3 crown of Dyrovepreva {rElec Int+2 SInv} for
                  | 1366 gold pieces
  5283 | D        | Found the +3 crown of Dyrovepreva {rElec Int+2 SInv}
  5299 | D        | Noticed Jory
  5315 | D        | Killed Jory
  5517 | D        | Noticed Mennas
  5547 | D        | Killed Mennas
  5548 | D        | Reached XP level 15. HP: 169/169 MP: 5/15
  5655 | D        | Reached skill level 10 in Stealth
  5667 | D        | Got a decaying rune of Zot
  5698 | D        | Noticed an emperor scorpion
  5698 | D        | Noticed an emperor scorpion
  5698 | D        | Noticed an emperor scorpion
  5709 | D        | Killed an emperor scorpion
  5713 | D        | Noticed an emperor scorpion
  5730 | D        | Killed an emperor scorpion
  5733 | D        | Noticed an emperor scorpion
  5740 | D        | Killed an emperor scorpion
  5768 | D        | Killed an emperor scorpion
  5775 | D        | Killed an emperor scorpion
  5789 | D        | Got a gossamer rune of Zot
  5883 | D        | Noticed a nagaraja
  5883 | D        | Noticed a nagaraja
  5883 | D        | Noticed a nagaraja
  5884 | D        | Noticed a nagaraja
  5887 | D        | Killed a nagaraja
  5893 | D        | Killed a nagaraja
  5898 | D        | Killed a nagaraja
  5912 | D        | Killed a nagaraja
  5940 | D        | Got a serpentine rune of Zot
  5971 | D        | Noticed Ilsuiw
  5991 | D        | Killed Ilsuiw
  6051 | D        | Got a barnacled rune of Zot
  6313 | D        | Noticed Nikola
  6319 | D        | Killed Nikola
  6324 | D        | Noticed Nergalle
  6330 | D        | Killed Nergalle
  6407 | D        | Reached XP level 16. HP: 186/186 MP: 6/16
  6613 | D        | Upgraded the game from 0.30-a0-329-g85436e0a43 to
                  | 0.30-a0-331-g8ab09dc110
  6658 | D        | Noticed a tengu reaver
  6658 | D        | Noticed a titan
  6669 | D        | Killed a tengu reaver
  6678 | D        | Noticed a shadow dragon
  6681 | D        | Killed a titan
  6687 | D        | Noticed a shadow dragon
  6701 | D        | Killed a shadow dragon
  6709 | D        | Killed a shadow dragon
  6816 | D        | Noticed a shadow dragon
  6816 | D        | Noticed a quicksilver dragon
  6816 | D        | Noticed a shadow dragon
  6817 | D        | Noticed a golden dragon
  6823 | D        | Killed a shadow dragon
  6826 | D        | Killed a quicksilver dragon
  6831 | D        | Identified the +9 rapier of Doom {antimagic, Will+ rCorr
                  | Dex+6}
  6832 | D        | Killed a golden dragon
  6833 | D        | Noticed a shadow dragon
  6837 | D        | Killed a shadow dragon
  6842 | D        | Killed a shadow dragon
  6843 | D        | Reached skill level 27 in Shields
  6856 | D        | Got the Disquisition on Shapes
  6861 | D        | Got a silver rune of Zot
  6908 | D        | Noticed Margery
  6915 | D        | Killed Margery
  7022 | D        | Got the ring "Veubasy" {Contam rElec Will- AC+3 Int+8}
  7024 | D        | Got the ring of Kieval {Fire rPois rN+ Str+3}
  7026 | D        | Got the amulet of Povutodu {RegenMP rCorr Dex+2}
  7028 | D        | Got the ring of Peffug {rN++ Will+ Slay+3}
  7030 | D        | Got the ring of Atheism {rPois rC++ Dex+3}
  7039 | D        | Got the +5 demon whip "Coxi" {vamp, +Blink rElec rF+++
                  | Will-}
  7155 | D        | Noticed Kirke
  7165 | D        | Killed Kirke
  7281 | D        | Reached skill level 27 in Fighting
  7295 | D        | Reached skill level 27 in Maces & Flails
  7324 | D        | Noticed a storm dragon
  7338 | D        | Reached skill level 15 in Stealth
  7342 | D        | Killed a storm dragon
  7343 | D        | Reached XP level 17. HP: 139/204 MP: 17/17
  7511 | D        | Noticed a tentacled monstrosity
  7511 | D        | Noticed a tentacled monstrosity
  7518 | D        | Killed a tentacled monstrosity
  7526 | D        | Killed a tentacled monstrosity
  7534 | D        | Reached skill level 27 in Armour
  7615 | D        | Noticed a tentacled monstrosity
  7615 | D        | Noticed a golden dragon
  7626 | D        | Killed a tentacled monstrosity
  7631 | D        | Killed a golden dragon
  7732 | D        | Bought a potion of heal wounds for 70 gold pieces
  7732 | D        | Bought a potion of mutation for 112 gold pieces
  7732 | D        | Bought a potion of curing for 42 gold pieces
  7732 | D        | Bought a potion of haste for 140 gold pieces
  7734 | D        | Bought a scroll of fog for 60 gold pieces
  7734 | D        | Bought a scroll of brand weapon for 142 gold pieces
  7738 | D        | Bought a forked wooden wand for 152 gold pieces
  7738 | D        | Bought a scroll labelled UBERHY SOSCHE for 38 gold pieces
  7738 | D        | Bought a scintillating tin amulet for 190 gold pieces
  7738 | D        | Identified the amulet of Xofecel {Spirit -Tele rElec Int+4}
                  | (You bought it in a shop in the Dungeon)
  7745 | D        | Bought a phantom mirror for 920 gold pieces
  7745 | D        | Bought a condenser vane for 920 gold pieces
  7745 | D        | Bought a wooden wand for 92 gold pieces
  7745 | D        | Bought a wand of paralysis (6) for 331 gold pieces
  7745 | D        | Bought a potion of resistance for 230 gold pieces
  7745 | D        | Bought a scroll of fog for 92 gold pieces
  7745 | D        | Bought a brown potion for 20 gold pieces
  7745 | D        | Bought a scroll of identify for 46 gold pieces
  7902 | D        | Reached skill level 1 in Throwing
  8078 | D        | Noticed an Orb Guardian
  8078 | D        | Noticed an Orb Guardian
  8078 | D        | Noticed an Orb Guardian
  8078 | D        | Noticed an Orb Guardian
  8078 | D        | Noticed an Orb Guardian
  8078 | D        | Noticed an Orb Guardian
  8080 | D        | Killed an Orb Guardian
  8080 | D        | Noticed an Orb Guardian
  8084 | D        | Killed an Orb Guardian
  8085 | D        | Reached skill level 1 in Long Blades
  8085 | D        | Reached skill level 5 in Throwing
  8092 | D        | Killed an Orb Guardian
  8096 | D        | Killed an Orb Guardian
  8097 | D        | Reached skill level 1 in Poison Magic
  8101 | D        | Killed an Orb Guardian
  8102 | D        | Reached skill level 1 in Summonings
  8102 | D        | Reached skill level 1 in Invocations
  8103 | D        | Noticed an Orb Guardian
  8106 | D        | Killed an Orb Guardian
  8107 | D        | Reached skill level 1 in Short Blades
  8107 | D        | Reached skill level 1 in Conjurations
  8107 | D        | Reached skill level 1 in Translocations
  8107 | D        | Reached skill level 1 in Transmutations
  8109 | D        | Killed an Orb Guardian
  8113 | D        | Killed an Orb Guardian
  8114 | D        | Reached skill level 10 in Evocations
  8173 | D        | Noticed an Orb Guardian
  8174 | D        | Noticed an Orb Guardian
  8177 | D        | Killed an Orb Guardian
  8179 | D        | Killed an Orb Guardian
  8185 | D        | Noticed a tentacled monstrosity
  8185 | D        | Noticed an Orb Guardian
  8185 | D        | Noticed an Orb Guardian
  8185 | D        | Noticed a tentacled monstrosity
  8186 | D        | Noticed an Orb Guardian
  8189 | D        | Noticed an Orb Guardian
  8189 | D        | Killed a tentacled monstrosity
  8196 | D        | Killed an Orb Guardian
  8200 | D        | Killed a tentacled monstrosity
  8201 | D        | Reached skill level 10 in Dodging
  8210 | D        | Killed an Orb Guardian
  8211 | D        | Reached skill level 10 in Throwing
  8212 | D        | Killed an Orb Guardian
  8213 | D        | Killed an Orb Guardian
  8421 | D        | Noticed an ancient lich
  8428 | D        | Killed an ancient lich
  8429 | D        | Reached XP level 18. HP: 132/214 MP: 18/18
  8580 | D        | Noticed an orb of fire
  8583 | D        | Gained mutation: You are clumsy. (Dex -2) [an orb of fire]
  8585 | D        | Lost mutation: You are clumsy. (Dex -2) [an orb of fire]
  8597 | D        | Killed an orb of fire
  8600 | D        | Noticed an electric golem
  8608 | D        | Killed an electric golem
  8750 | D        | Noticed a golden dragon
  8750 | D        | Noticed an orb of fire
  8750 | D        | Noticed a tentacled monstrosity
  8750 | D        | Noticed an ancient lich
  8750 | D        | Noticed an orb of fire
  8751 | D        | Gained mutation: Your body sometimes deteriorates upon
                  | taking damage. [an orb of fire]
  8761 | D        | Killed a golden dragon
  8763 | D        | Killed an orb of fire
  8763 | D        | Killed a tentacled monstrosity
  8764 | D        | Reached skill level 15 in Evocations
  8765 | D        | Killed an ancient lich
  8766 | D        | Noticed an orb of fire
  8768 | D        | Gained mutation: You occasionally lose the ability to read
                  | scrolls when taking damage. [an orb of fire]
  8768 | D        | Killed an orb of fire
  8769 | D        | Noticed an orb of fire
  8770 | D        | Gained mutation: You are weak. (Str -2) [an orb of fire]
  8770 | D        | Noticed an electric golem
  8772 | D        | Lost mutation: Your body sometimes deteriorates upon taking
                  | damage. [potion of mutation]
  8772 | D        | Lost mutation: You occasionally lose the ability to read
                  | scrolls when taking damage. [potion of mutation]
  8772 | D        | Lost mutation: You are weak. (Str -2) [potion of mutation]
  8772 | D        | Gained mutation: You possess an exceptional clarity of
                  | mind. [potion of mutation]
  8772 | D        | Gained mutation: Your spells are a little harder to cast,
                  | but a little more powerful. [potion of mutation]
  8772 | D        | Gained mutation: You expend magic power (3 MP) to
                  | strengthen your wands. [potion of mutation]
  8872 | D        | Killed an electric golem
  8875 | D        | Noticed an orb of fire
  8876 | D        | Noticed an orb of fire
  9311 | D        | Killed an orb of fire
  9312 | D        | Reached skill level 15 in Throwing
  9334 | D        | Killed an orb of fire
  9346 | D        | Gained mutation: Your tail ends in a venomous barb. [an orb
                  | of fire]
  9350 | D        | Killed an orb of fire
  9356 | D        | Lost mutation: Your spells are a little harder to cast, but
                  | a little more powerful. [an orb of fire]
  9360 | D        | Killed an orb of fire
  9361 | D        | Reached skill level 15 in Dodging
  9398 | D        | Noticed an ancient lich
  9398 | D        | Noticed a Killer Klown
  9414 | D        | Killed an ancient lich
  9427 | D        | Killed a Killer Klown
  9501 | D        | Noticed an Orb Guardian
  9501 | D        | Noticed an Orb Guardian
  9501 | D        | Noticed an Orb Guardian
  9501 | D        | Noticed an Orb Guardian
  9501 | D        | Noticed an Orb Guardian
  9501 | D        | Noticed an Orb Guardian
  9507 | D        | Killed an Orb Guardian
  9508 | D        | Killed an Orb Guardian
  9509 | D        | Noticed an Orb Guardian
  9511 | D        | Killed an Orb Guardian
  9512 | D        | Noticed an Orb Guardian
  9527 | D        | Killed an Orb Guardian
  9527 | D        | Noticed an Orb Guardian
  9528 | D        | Killed an Orb Guardian
  9528 | D        | Noticed an Orb Guardian
  9530 | D        | Noticed an Orb Guardian
  9532 | D        | Noticed an Orb Guardian
  9541 | D        | Killed an Orb Guardian
  9550 | D        | Killed an Orb Guardian
  9556 | D        | Killed an Orb Guardian
  9557 | D        | Killed an Orb Guardian
  9559 | D        | Killed an Orb Guardian
  9562 | D        | Killed an Orb Guardian
  9565 | D        | Killed an Orb Guardian
  9686 | D        | Noticed an ancient lich
  9686 | D        | Noticed a lich
  9686 | D        | Noticed an ancient lich
  9687 | D        | Noticed an ancient lich
  9691 | D        | Killed an ancient lich
  9692 | D        | Reached XP level 19. HP: 221/221 MP: 19/19
  9699 | D        | Killed an ancient lich
  9703 | D        | Killed an ancient lich
  9912 | D        | Got an elven rune of Zot
 10049 | D        | Paralysed by a floating eye for 3 turns
 10060 | D        | Paralysed by a floating eye for 2 turns
 10076 | D        | Paralysed by a floating eye for 4 turns
 10470 | D        | Noticed the Royal Jelly
 10480 | D        | Killed the Royal Jelly
 10684 | D        | Got a slimy rune of Zot
 10879 | D        | Reached skill level 27 in Evocations
 11513 | D        | Noticed a royal mummy
 11528 | D        | Killed a royal mummy
 11540 | D        | Reached XP level 20. HP: 81/231 MP: 20/20
 11955 | D        | Noticed a royal mummy
 11955 | D        | Noticed a royal mummy
 11955 | D        | Noticed a royal mummy
 11955 | D        | Noticed a royal mummy
 11964 | D        | Noticed a royal mummy
 11965 | D        | Killed a royal mummy
 11969 | D        | Killed a royal mummy
 11972 | D        | Killed a royal mummy
 11974 | D        | Killed a royal mummy
 11975 | D        | Reached skill level 27 in Throwing
 11980 | D        | Killed a royal mummy
 12342 | D        | Got a golden rune of Zot
 12403 | D        | Got an abyssal rune of Zot
 12552 | D        | Noticed Geryon
 12565 | D        | Killed Geryon
 12575 | D        | Bought a potion of heal wounds for 110 gold pieces
 12575 | D        | Bought a potion of berserk rage for 110 gold pieces
 12577 | D        | Bought a lightning rod (4/4) for 330 gold pieces
 12577 | D        | Bought a scroll of identify for 22 gold pieces
 12579 | D        | Bought a potion of haste for 200 gold pieces
 12579 | D        | Bought a potion of curing for 60 gold pieces
 12579 | D        | Bought 2 potions of curing for 120 gold pieces
 12579 | D        | Bought a potion of might for 80 gold pieces
 12579 | D        | Bought a potion of mutation for 160 gold pieces
 12583 | D        | Bought the +1 helmet of Patience {rF+ Int+5} for 680 gold
                  | pieces
 12604 | D        | Bought the +9 scales of the Dragon King {rPois rF+ rC+
                  | Will+} for 3993 gold pieces
 12604 | D        | Found the +9 scales of the Dragon King {rPois rF+ rC+
                  | Will+}
 12625 | D        | Noticed Gloorx Vloq
 12625 | D        | Found the +4 staff of Dispater
 12625 | D        | Noticed Dispater
 12625 | D        | Noticed Mnoleg
 12638 | D        | Killed Gloorx Vloq
 13073 | D        | Killed Mnoleg
 13096 | D        | Killed Dispater
 13493 | D        | Found the +7 sceptre of Asmodeus
 13493 | D        | Noticed Asmodeus
 13513 | D        | Found the +6 sword of Cerebov {flame}
 13513 | D        | Noticed Cerebov
 13523 | D        | HP: 7/231 [hellion/damnation[Asmodeus] (17)]
 13524 | D        | Killed from afar by Cerebov

Illustrated notes

Levels and vault maps discovered:
D:        linesprint [early_d, line_temple, items_1, d_10, items_2, lair_1,
          lair_end, items_3, orc_1, orc_end, items_4, d_15, swamp_1, shoals_1,
          snake_1, spider_1, d_20, vaults_1, items_5, swamp_end, shoals_end,
          snake_end, spider_end, vaults_end, d_27, items_6, zot_1, zot_end,
          crypt_end, forest_end, elf_end, slime_end, tomb_end, abyss_end,
          pan_hell_end]

Skill      XL: |  1  2  3  4  5  6  7  8  9 10 11 12 13 14 15 16 17 18 19 20 |
---------------+-------------------------------------------------------------+-----
Fighting       | 3 5 6 7 8 10 11 12 14 16 18 21 23 27 | 27.0
Armour         | 4 6 7 8 9 10 11 12 14 16 18 20 22 25 27 | 27.0
Maces & Flails | 2 4 5 6 7 9 11 13 15 17 19 20 22 24 27 | 27.0
Shields        | 4 5 6 7 8 9 10 11 12 14 18 21 25 27 | 27.0
Dodging        | 1 2 3 4 5 11 17 22 26 | 26.8
Evocations     | 1 2 3 4 5 13 21 27 | 27.0
Stealth        | 1 2 5 7 9 12 15 24 | 24.9
Throwing       | 11 19 25 27 | 27.0
Long Blades    | 1 |  1.4
Poison Magic   | 1 |  1.0
Summonings     | 1 |  1.0
Invocations    | 1 |  1.0
Short Blades   | 1 |  1.0
Conjurations   | 1 |  1.0
Translocations | 1 |  1.0
Transmutations | 1 |  1.0
Axes           | |  0.8
Polearms       | |  0.8
Staves         | |  0.8
Ranged Weapons | |  0.6
Hexes          | |  0.8
Necromancy     | |  0.8
Fire Magic     | |  0.8
Ice Magic      | |  0.8
Air Magic      | |  0.8
Earth Magic    | |  0.8

Action                   |  1- 3 |  4- 6 |  7- 9 | 10-12 | 13-15 | 16-18 | 19-21 || total
-------------------------+-------+-------+-------+-------+-------+-------+-------++-------
Melee: Flail             |    23 |    17 |       |       |       |       |       ||    40
       Tailslap          |     1 |     2 |    10 |    60 |   117 |    93 |   110 ||   393
       Morningstar       |       |     2 |    70 |   229 |       |       |       ||   301
       Demon whip        |       |       |       |   100 |   658 |   167 |   313 ||  1238
       Eveningstar       |       |       |       |       |    17 |   468 |       ||   485
       Sacred scourge    |       |       |       |       |       |     5 |   178 ||   183
Throw: Javelin           |       |       |       |       |       |    12 |     9 ||    21
Invok: Call Merchant     |       |       |       |     3 |     1 |     5 |     7 ||    16
       Potion Petition   |       |       |       |       |     1 |       |     2 ||     3
Evoke: Wand              |       |     4 |     4 |     2 |       |       |       ||    10
       Condenser vane    |       |       |       |       |       |     2 |     3 ||     5
       Phantom mirror    |       |       |       |       |       |     1 |     1 ||     2
  Use: Potion            |     1 |       |     4 |     4 |     1 |    14 |    12 ||    36
       Scroll            |       |       |       |     4 |     7 |    12 |     7 ||    30
 Stab: Distracted        |       |       |       |     3 |     7 |    12 |     4 ||    26
       Fleeing           |       |       |       |       |     2 |       |       ||     2
       Sleeping          |       |       |       |       |       |     1 |     1 ||     2
Armor: Scale mail        |    11 |     6 |       |       |       |       |       ||    17
       Chain mail        |       |       |    14 |    46 |       |       |       ||    60
       Ring mail         |       |       |       |    15 |       |       |       ||    15
       Plate armour      |       |       |       |    36 |    75 |       |       ||   111
       Gold dragon scale |       |       |       |       |   118 |   136 |   135 ||   389
Dodge: Dodged            |     5 |     4 |    17 |    49 |    36 |    25 |    37 ||   173
Block: Buckler           |     3 |     3 |    15 |    36 |       |       |       ||    57
       Tower shield      |       |       |       |    45 |    45 |       |       ||    90
       Reflection        |       |       |       |     2 |     5 |     2 |     7 ||    16
       Kite shield       |       |       |       |       |   251 |   205 |   182 ||   638

Table legend: (Time is in decaauts) A = Elapsed time spent in this place. B = Non-inter-level travel time spent in this place. C = Inter-level travel time spent in this place. D = Time resting spent in this place. E = Time spent auto-exploring this place. F = Levels seen in this place. G = Mean time per level. A B C D E F G +--------+--------+--------+--------+--------+-----+--------+ Total | 12620 | 12620 | 0 | 5754 | 1565 | 1 | 12620.0 | Dungeon | 12620 | 12620 | 0 | 5754 | 1565 | 1 | 12620.0 | +--------+--------+--------+--------+--------+-----+--------+

Top non-repeatable levels by time:
       D: 12620 daAuts
